 Dungeon Crawl Stone Soup version 0.31.0-32-g396128a36d (webtiles) character file.

Game seed: 13373206398973343575

123 booth the Chopper (level 4, 0/37 HPs)
             Began as a Demonspawn Monk on Mar 9, 2024.
             Was a Follower of Uskayaw.
             Slain by Sigmund
             ... wielding a +0 scythe
              (9 damage)
             ... on level 3 of the Dungeon.
             The game lasted 00:12:47 (2226 turns).

booth the Chopper (Demonspawn Monk)                 Turns: 2226, Time: 00:12:48

Health: 0/37       AC:  4    Str: 14    XL:     4   Next: 80%
Magic:  13/13      EV: 13    Int: 10    God:    Uskayaw [*.....]
Gold:   52         SH:  0    Dex: 15    Spells: 3/3 levels left

rFire   . . .        a - +0 hand axe
rCold   . . .        (no shield)
rNeg    . . .        b - +0 robe
rPois   .            (no helmet)
rElec   .            i - scarf {shadows}
rCorr   .            (no gloves)
SInv    .            f - +1 pair of boots
Will    .....        (no amulet)
Stlth   +            m - ring of magical power
HPRegen 0.26/turn    (no ring)
MPRegen 0.13/turn

%: no passive effects
@: no status effects
A: demonic magic 1
a: Renounce Religion, Stomp


You were on level 3 of the Dungeon.
You worshipped Uskayaw.
Uskayaw was noncommittal.
You visited 1 branch of the dungeon, and saw 3 of its levels.

You collected 149 gold pieces.
You spent 97 gold pieces at shops.

Inventory:

Hand Weapons
 a - a +0 hand axe (weapon)
Missiles
 h - 4 poisoned darts (quivered)
 k - 5 boomerangs
Armour
 b - a +0 robe (worn)
 d - an orb of light
 f - a +1 pair of boots (worn)
 i - a scarf of shadows (worn)
Jewellery
 m - a ring of magical power (left hand)
Scrolls
 n - a scroll of teleportation
Potions
 e - a potion of heal wounds
 g - a potion of mutation
 j - 2 potions of curing
 l - a potion of degeneration {unknown}


   Skills:
 + Level 3.7 Fighting
 * Level 4.1 Axes
 + Level 3.4 Dodging
 + Level 0.0 Invocations


You had 3 spell levels left.
You didn't know any spells.
Your spell library contained the following spells:

 Spells                   Type           Power      Damage    Failure   Level
 Mercury Vapours          Alch/Air       0%         N/A       50%         2
 Sublimation of Blood     Necr           0%         N/A       50%         2
 Fugue of the Fallen      Necr           0%         N/A       75%         3
 Mephitic Cloud           Conj/Alch/Air  0%         N/A       75%         3
 Ozocubu's Armour         Ice            0%         N/A       75%         3
 Manifold Assault         Tloc           0%         N/A       98%         4
 Petrify                  Alch/Erth      0%         N/A       98%         4
 Freezing Cloud           Conj/Ice/Air   0%         6-21      100%        5
 Irradiate                Conj/Alch      0%         3d11      100%        5


Dungeon Overview and Level Annotations

Branches:
Dungeon (3/15)

Altars:
Ashenzari
Kikubaaqudgha
Uskayaw

Shops:
D:3 *:

Annotations:
D:3 Sigmund


Innate Abilities, Weirdness & Mutations

Spells you cast may paralyse adjacent enemies.


Message History

You are confused.
You feel invigorated. The orc closely misses you.
You closely miss Sigmund.
Sigmund is lightly wounded.
You hit the orc but do no damage. Sigmund barely misses you.
The orc closely misses you. Sigmund closely misses you.
You're too confused to move!
You feel less invigorated.
You feel less confused. The orc hits you with a +0 flail!
Sigmund attacks as he pursues you!
Sigmund hits you from afar with a +0 scythe.
The orc hits you but does no damage. Sigmund completely misses you.
The orc barely misses you.
You hit Sigmund but do no damage.
Sigmund is lightly wounded.
You hit the orc. Sigmund barely misses you. The orc barely misses you.
You hit Sigmund.
Sigmund is moderately wounded.
You hit the orc. The orc hits you with a +0 flail.
* * * LOW HITPOINT WARNING * * *
Sigmund misses you.
You barely miss Sigmund.
Sigmund is moderately wounded.
You barely miss the orc. The orc hits you but does no damage.
You closely miss Sigmund.
Sigmund is moderately wounded.
You hit the orc but do no damage. Sigmund hits you with a +0 scythe.
* * * LOW HITPOINT WARNING * * *
The orc closely misses you.
You barely miss Sigmund.
Sigmund is moderately wounded.
You hit the orc but do no damage. The orc barely misses you.
Sigmund barely misses you.
You hit Sigmund.
Sigmund is moderately wounded.
You barely miss the orc. The orc barely misses you.
Sigmund hits you with a +0 scythe!
You die...
Sigmund begins carving another notch in his scythe.

####
....################
..........)........#####
......o@.....∩..........
.......@##########.#####
######.'# #... ......
.....# #####....
.......# ..... .........
..### ........## .#.


You could see Sigmund and an orc.

Vanquished Creatures
  9 adders
  2 dart slugs (D:2)
  4 ball pythons (D:1)
  3 endoplasms
  4 goblins
  4 hobgoblins
  A kobold (D:1)
  8 bats
  5 frilled lizards
  2 rats (D:3)
42 creatures vanquished.

Notes
Turn   | Place    | Note
-------+----------+-------------------------------------------
     0 | D:1      | booth the Demonspawn Monk began the quest for the Orb.
     0 | D:1      | Reached XP level 1. HP: 18/18 MP: 1/1
   146 | D:1      | Reached skill level 3 in Axes
   146 | D:1      | Gained mutation: Spells you cast may paralyse adjacent
                  | enemies. [demonic ancestry]
   146 | D:1      | Reached XP level 2. HP: 24/24 MP: 2/2
   814 | D:2      | Reached XP level 3. HP: 25/29 MP: 3/3
   886 | D:2      | Found a faded altar of an unknown god.
   907 | D:2      | Prayed at the altar of an unknown god.
   907 | D:2      | Became a worshipper of Uskayaw the Reveller
   907 | D:2      | Reached * piety under Uskayaw
   907 | D:2      | Reached ** piety under Uskayaw
  1268 | D:2      | Reached XP level 4. HP: 33/35 MP: 4/4
  1581 | D:3      | Found a broken altar of Ashenzari.
  1718 | D:3      | Reached skill level 4 in Axes
  2005 | D:3      | Found an ancient bone altar of Kikubaaqudgha.
  2115 | D:3      | Found Ojiuteb's Book Emporium.
  2186 | D:3      | Found Qyukejague's General Store.
  2193 | D:3      | Bought a scroll of enchant armour for 97 gold pieces
  2200 | D:3      | Noticed Sigmund
  2226 | D:3      | Slain by Sigmund

Illustrated notes

Levels and vault maps discovered:
D:1:      saegor_arrival_simple_b, layout_basic
D:2:      layout_basic, ebering_ecumenical_altar_petrified,
          kennysheep_generic_room_3
D:3:      layout_basic, mainiacjoe_overflow_catch_the_wave, serial_shops,
          nicolae_shop_window_shopping, shop, shop_fountains,
          nicolae_shop_rolled_up, uniq_sigmund, uniq_terence

Skill      XL: |  1  2  3  4 |
---------------+-------------+-----
Axes           | 3 4 |  4.1
Dodging        | 3 |  3.4
Fighting       | |  3.7

Action                     |  1- 3 |  4- 6 || total
---------------------------+-------+-------++-------
  Melee: Hand axe          |    86 |    73 ||   159
         Punch             |       |     2 ||     2
  Throw: Dart              |     9 |     2 ||    11
 Invoke: Stomp             |     1 |       ||     1
    Use: Scroll            |     2 |     3 ||     5
         Potion            |       |     2 ||     2
   Stab: Sleeping          |       |     1 ||     1
 Armour: Robe              |    45 |    50 ||    95
  Dodge: Dodged            |    50 |    62 ||   112
